 Dungeon Crawl Stone Soup version 0.31-a0-851-g7ff8af7976 (webtiles) character file.

Game seed: 12908290957091021643

45 Flugkiller the Ruffian (level 3, 0/23 HPs)
             Began as an Octopode Shapeshifter on Oct 6, 2023.
             Slain by an orc wizard
             ... wielding a +0 dagger
              (3 damage)
             ... on level 3 of the Dungeon.
             The game lasted 00:00:58 (1914 turns).

Flugkiller the Ruffian (Octopode Shapeshifter)      Turns: 1914, Time: 00:00:59

Health: 0/23       AC:  1    Str: 15    XL:     3   Next: 64%
Magic:  3/3        EV: 13    Int: 12    God:
Gold:   152        SH:  0    Dex: 11    Spells: 2/2 levels left

rFire   + .          .
                       - Unarmed
rCold   . . .        (no shield)
rNeg    . . .        (helmet currently unavailable)
rPois   .            (no amulet)
rElec   .            p - ring of protection from fire
rCorr   .            (no ring)
SInv    .            (no ring)
Will    .....        (no ring)
Stlth   ++           (no ring)
HPRegen 0.23/turn    (no ring)
MPRegen 0.08/turn    (no ring)
                     (no ring)

%: no passive effects
@: beast-form
A: beast (slay +1), almost no armour, amphibious, 8 rings, camouflage 1,
gelatinous body 1, (nimble swimmer 1), tentacles
a: Begin Untransformation


You were on level 3 of the Dungeon.
You were a hulking beast.
You visited 1 branch of the dungeon, and saw 3 of its levels.

You collected 152 gold pieces.

Inventory:

Jewellery
 p - a ring of protection from fire (left tentacle)
   (You found it on level 1 of the Dungeon)
Talismans
 b - a beast talisman (active)
 c - a flux talisman
Scrolls
 d - a scroll of identify {unknown}
 f - a scroll of fear {unknown}
 i - 2 scrolls of teleportation {unknown}
 j - a scroll of enchant weapon {unknown}
 k - a scroll of revelation {unknown}
 m - a scroll of amnesia {unknown}
 n - 2 scrolls of fog {unknown}
Potions
 a - a potion of lignification
 e - 2 potions of enlightenment {unknown}
 g - a potion of magic {unknown}
 h - a potion of heal wounds {unknown}
 l - 2 potions of curing {unknown}


   Skills:
 - Level 1.0 Fighting
 - Level 2.0 Dodging
 + Level 4.5 Unarmed Combat
 - Level 3.0 Shapeshifting


You had 2 spell levels left.
You didn't know any spells.
Your spell library contained the following spells:

 Spells                   Type           Power      Damage    Failure   Level
 Shock                    Conj/Air       0%         1d3       32%         1
 Ensorcelled Hibernation  Hex/Ice        0%         N/A       45%         2
 Jinxbite                 Hex            0%         N/A       45%         2
 Swiftness                Air            0%         N/A       69%         3
 Airstrike                Air            0%         2d(0-16)  97%         4
 Anguish                  Hex/Necr       0%         N/A       97%         4


Dungeon Overview and Level Annotations

Branches:
Dungeon (3/15) Zot: 16090

Altars:

Shops:
D:1 (


Innate Abilities, Weirdness & Mutations

You are a hulking beast.
Your limbs bulge with bestial killing power. (Slay +1)
You cannot wear most types of armour.
You are amphibious.
You can wear up to eight rings at the same time.
Your skin changes colour to match your surroundings (Stealth+).
Your rubbery body absorbs attacks. (AC +1, EV +1)
((You are camouflaged when in or above water. (Stealth+)))
You have tentacles for arms and can constrict up to eight enemies at once.


Message History

You now have 135 gold pieces (gained 11).
Found 8 gold pieces.
A giant cockroach is nearby!
You catch the helpless giant cockroach completely off-guard!
You tentacle-slap the giant cockroach but do no damage.
Your grab misses the giant cockroach. The giant cockroach bites you.
You tentacle-slap the giant cockroach. You grab the giant cockroach.
You squeeze the giant cockroach, but do no damage.
The giant cockroach is almost dead.
You constrict the giant cockroach.
You kill the giant cockroach!
No target in view!
No target in view!
HP restored.
You now have 143 gold pieces (gained 8).
You see here a giant cockroach corpse.
You see here a giant cockroach corpse.
Found a long sword.
No target in view!
There is a stone staircase leading down here.
You see here a +0 long sword.
Found 5 stones.
No target in view!
l - 2 bubbling red potions (gained 1)
You see here 5 stones.
Found a stone staircase leading up.
No target in view!
No target in view!
No target in view!
No target in view!
A bat comes into view.
A bat is nearby!
A bat is nearby!
An orc comes into view. It is wielding a +0 club.
Found 9 gold pieces.
The orc shouts!
The bat closely misses you.
You bludgeon the orc!
You kill the orc!
The bat closely misses you.
You tentacle-slap the bat. Your grab misses the bat.
The bat is heavily wounded.
The bat hits you. The bat hits you but does no damage.
A bat is nearby!
You tentacle-slap the bat.
You kill the bat!
You now have 152 gold pieces (gained 9).
You see here a +0 leather armour.
Found a hand axe.
No target in view!
No target in view!
Key pressed, stopping explore.
No target in view!
You see here a +0 hand axe.
n - 2 scrolls labelled ORAURA TALI (gained 1)
Found an escape hatch in the ceiling and an escape hatch in the floor.
An orc comes into view. It is wielding a +0 club.
Okay, then.
The orc shouts!
You hear a shout!
You hear an angry hiss.
An orc comes into view. It is wielding a +0 flail.
An orc wizard comes into view. It is wielding a +0 dagger.
A ball python comes into view.
The ball python hisses angrily.
The ball python attacks as it pursues you!
The ball python barely misses you. x2
The ball python attacks as it pursues you!
The ball python closely misses you. x2; The orc attacks as it pursues you!
The orc hits you with a +0 flail. The ball python bites you.
The ball python closely misses you.
The ball python attacks as it pursues you!
The ball python barely misses you. The ball python closely misses you.
You closely miss the ball python. You grab the ball python.
You constrict the ball python. The ball python bites you.
The ball python barely misses you.
You are too injured to fight recklessly!
You are too injured to fight recklessly!
You tentacle-slap the ball python.
You kill the ball python!
The orc wizard gestures wildly while chanting.
The orc wizard flickers and vanishes!
Deactivating autopickup; reactivate with Ctrl-A.
You tentacle-slap the orc. You grab the orc. You squeeze the orc.
You kill the orc!
Things that are here:
a +0 flail; an orc corpse; a ball python corpse You tentacle-slap something but do no damage.
Something hits you.
You closely miss something. Your squeeze misses something.
The orc closely misses you. Something hits you.
You closely miss something. The orc misses you.
Something hits you but does no damage.
You tentacle-slap the orc. Your grab misses the orc. You tentacle-slap the orc.
You kill the orc!
Something hits you.
* * * LOW HITPOINT WARNING * * *
You completely miss something. Something hits you.
* * * LOW HITPOINT WARNING * * *
You barely miss something. Your squeeze misses something. Something hits you.
You die...

#.............##...
###..###.#................#
###..# #.#.#.###..........#
.#..)# #.#...# #.#....>..##
.#.#.# #....####..........#
.#...##...#.# ............#
....##....... #..........#
........##..# ##.)....<...#
##......##.####.h{........#
##.....##.##...##.......##
#....#.##.##.#####.....##
#....#.......# #######
##..#..##..####
.....#..#..# .....##....#
.....#####.# ###### #.#


There were no monsters in sight!

Vanquished Creatures
  3 orcs (D:3)
  4 bats
  An endoplasm (D:1)
  A giant cockroach (D:3)
  4 hobgoblins
  4 jackals (D:3)
  A quokka (D:2)
  2 ball pythons (D:3)
  12 frilled lizards
  2 goblins (D:2)
  3 kobolds (D:2)
  6 rats
43 creatures vanquished.

Notes
Turn   | Place    | Note
-------+----------+-------------------------------------------
     0 | D:1      | Flugkiller the Octopode Shapeshifter began the quest for
                  | the Orb.
     0 | D:1      | Reached XP level 1. HP: 13/13 MP: 1/1
   495 | D:1      | Reached XP level 2. HP: 18/18 MP: 2/2
   512 | D:1      | Found Ufebaise's Weapon Shoppe.
  1140 | D:2      | Reached skill level 4 in Unarmed Combat
  1402 | D:2      | Reached XP level 3. HP: 23/23 MP: 3/3
  1914 | D:3      | Slain by an orc wizard

Illustrated notes

Levels and vault maps discovered:
D:1:      erik_arrival_blinker_ship, layout_basic, serial_co_window_serial,
          co_window_paths_b, co_window_of_opportunity_a, co_window_corner_a,
          co_window_corner_a, co_window_corner_a, co_window_paths_b,
          co_window_corner_a, co_window_paths_c, co_window_corner_ca,
          co_window_corner_b, co_window_unsneaky_path_d, co_window_corner_ca,
          co_window_corner_ca, glass_columns_a, serial_shops, shop,
          minmay_indecisive_spiral
D:2:      layout_loops_cross, minmay_lizard_king
D:3:      layout_rooms

Skill      XL: |  1  2 |
---------------+-------+-----
Unarmed Combat | 4 |  4.5
Fighting       | |  1.0
Dodging        | |  2.0
Shapeshifting  | |  3.0

Action                     || total
---------------------------++-------
  Melee: Unarmed           ||    75
         Constrict         ||    16
         Punch             ||     4
         Tentacles         ||     7
   Stab: Sleeping          ||     6
         Distracted        ||     1
 Armour: Skin              ||    36
  Dodge: Dodged            ||    65

Table legend: (Time is in decaauts)
 A = Elapsed time spent in this place.
 B = Non-inter-level travel time spent in this place.
 C = Inter-level travel time spent in this place.
 D = Time resting spent in this place.
 E = Time spent auto-exploring this place.
 F = Levels seen in this place.
 G = Mean time per level.
                   A        B        C        D        E       F      G
               +--------+--------+--------+--------+--------+-----+--------+
         Total |   1908 |   1854 |     54 |     52 |   1545 |   3 |  636.0 |
       Dungeon |   1908 |   1854 |     54 |     52 |   1545 |   3 |  636.0 |
               +--------+--------+--------+--------+--------+-----+--------+

Top non-repeatable levels by time:
     D:1: 896 daAuts
     D:2: 690 daAuts
     D:3: 321 daAuts
